[Event "*** Titled Tuesday Blitz"]
[Site "Chess.com"]
[Date "2020.04.28"]
[Round "3"]
[White "UmutErdemGunduz"]
[Black "bgfbfbgfbgfgf"]
[Result "1-0"]
[WhiteElo "2402"]
[BlackElo "2577"]
[TimeControl "180+1"]
[EndTime "10:30:07 PDT"]
[Termination "UmutErdemGunduz won on time"]

1. e4 c5 2. Nf3 d6 3. d4 cxd4 4. Nxd4 Nf6 5. f3 e5 6. Nb3 Be6 7. c4 Nbd7 8. Nc3 Rc8 9. Be3 Bxc4 10. Bxc4 Rxc4 11. Qd3 Rc6 12. O-O-O a6 13. g4 Be7 14. g5 Nh5 15. Kb1 Bxg5 16. Nd5 O-O 17. Rhg1 Bxe3 18. Qxe3 Nf4 19. Nxf4 exf4 20. Qxf4 Ne5 21. Nd4 Rb6 22.
h4 Ng6 23. Qe3 Qxh4 24. Ne6 Rxb2+ 25. Kxb2 fxe6 26. Rxd6 Qh2+ 27. Rd2 Qe5+ 28. Kb1 Nh4 29. Rf2 Qb5+ 30. Ka1 Qe5+ 31. Kb1 h5 32. Rg5 Nf5 33. Qb3 Qf6 34. Rfg2 Nd4 35. Rxg7+ Kh8 36. Qxb7 Qh6 37. Qb2 e5 38. Re7 Qd6 39. Rb7 Rc8 40. Rd2 Qc5 41.
f4 Nf3 42. Rbd7 Qg1+ 43. Rd1 Qc5 44. Rd8+ Rxd8 45. Rxd8+ Kg7 46. Qb7+ Kf6 47. Rd3 Qg1+ 48. Kb2 Qg2+ 49. Ka3 Nd4 50. fxe5+ 1-0

[Event "*** Titled Tuesday Blitz"]
[Site "Chess.com"]
[Date "2020.04.28"]
[Round "3"]
[White "stoleriu"]
[Black "marianokar"]
[Result "1-0"]
[WhiteElo "2552"]
[BlackElo "2350"]
[TimeControl "180+1"]
[EndTime "10:30:08 PDT"]
[Termination "stoleriu won by resignation"]

1. e4 e5 2. Nf3 Nc6 3. Bb5 Nf6 4. d3 d6 5. c3 g6 6. O-O Bg7 7. Re1 O-O 8. Bg5 a6 9. Ba4 b5 10. Bb3 Na5 11. Bc2 c5 12. Nbd2 Bb7 13. Nf1 Nc6 14. Ne3 Nb8 15. a4 Nbd7 16. Bb3 Qc7 17. h3 Rfe8 18.
axb5 axb5 19. Rxa8 Rxa8 20. Bxf6 Nxf6 21. Ng5 Rf8 22. Ng4 c4 23. Bc2 Nd7 24. Ne3 h6 25. Nf3 cxd3 26. Bxd3 Nc5 27. Bxb5 Bxe4 28. Be2 Rd8 29. b4 Ne6 30. Qb3 d5 31. Nd2 Nf4 32. Nxe4 Nxe2+ 33. Rxe2 dxe4 34. c4 f5 35. c5+ Kh7 36.
Re1 Rd3 37. Qb1 Rd4 38. Rc1 f4 39. Nf1 e3 40. fxe3 fxe3 41. Nxe3 e4 42. b5 Qg3 43. Nf1 Qd3 44. Qxd3 exd3 45. c6 d2 46. Rd1 Rb4 47.
Nxd2 Rxb5 48. Ne4 Rb8 49. Rd7 Rc8 50. c7 Kh8 51. Nd6 Bd4+ 52. Kh1 Rf8 53. Rd8 1-0

[Event "*** Titled Tuesday Blitz"]
[Site "Chess.com"]
[Date "2020.04.28"]
[Round "3"]
[White "tomozupan"]
[Black "PotapovaM"]
[Result "0-1"]
[WhiteElo "2208"]
[BlackElo "2425"]
[TimeControl "180+1"]
[EndTime "10:30:08 PDT"]
[Termination "PotapovaM won by resignation"]

1. d4 Nf6 2. Bg5 Ne4 3. Bf4 c5 4. f3 Qa5+ 5. c3 Nf6 6. d5 e6 7. e4 exd5 8. e5 Nh5 9. Bc1 Qd8 10.
Qxd5 Qh4+ 11. Kd2 Nc6 12. Bc4 Qg5+ 13. Kc2 Qxg2+ 14. Ne2 Qg6+ 15. Kd1 Be7 16. Rg1 Qe6 17. Qxe6 dxe6 18. Nd2 Bd7 19. f4 O-O-O 20. Kc2 a6 21. Ne4 b5 22. Bb3 c4 23. Be3 cxb3+ 24. axb3 Kb7 25.
b4 f5 26. Nc5+ Bxc5 27. Bxc5 g6 28. Rad1 Bc8 29. Nd4 Nxd4+ 30. Bxd4 Bd7 31. Rgf1 Bc6 32.
Rde1 Be4+ 33. Kb3 Rd7 34. Ka3 Ra8 35. Re2 Rc8 36. Re3 Ng7 37. Rfe1 Ne8 38. R3e2 Nc7 39. Bc5 Nd5 40. Bd6 Nxf4 41. Rd2 Nd5 42. Bc5 g5 43. Rd4 g4 44. c4 bxc4 45. Rxc4 h5 46. Rec1 h4 47.
Bd6 Rxc4 48. Rxc4 g3 49. hxg3 hxg3 50. Rc1 g2 51. b5 axb5 52. b4 Nf4 53. Kb3 Ne2 54. Re1 g1=Q 55. Rxe2 Qb1+ 0-1

[Event "*** Titled Tuesday Blitz"]
[Site "Chess.com"]
[Date "2020.04.28"]
[Round "3"]
[White "chessablanca"]
[Black "TheBigBoss04"]
[Result "1-0"]
[WhiteElo "2450"]
[BlackElo "2724"]
[TimeControl "180+1"]
[EndTime "10:30:09 PDT"]
[Termination "chessablanca won on time"]

1. g3 e5 2. Bg2 d5 3. c4 dxc4 4. Nc3 Nf6 5. Qa4+ Bd7 6. Qxc4 Bc6 7. Nf3 Nbd7 8. O-O h6 9. d4 exd4 10. Nxd4 Bxg2 11. Kxg2 Nb6 12. Qd3 Be7 13. Bf4 O-O 14. Rad1 Bd6 15. Bxd6 Qxd6 16. Nf5 Qxd3 17. Rxd3 Rfe8 18.
Rfd1 g6 19. Ne3 Kg7 20. b3 Re7 21. Rd8 Rxd8 22. Rxd8 c6 23. h3 a5 24. Kf3 Nfd7 25. Kg2 Nc5 26. Rd4 Ne6 27. Rh4 f5 28. b4 axb4 29.
Rxb4 Nc8 30. a4 Nc5 31. Rc4 Na6 32. Rd4 Kf6 33. a5 Ke6 34. Nc4 Rd7 35. Rxd7 Kxd7 36.
Ne5+ Ke6 37. Nxg6 Nd6 38. Nf4+ Kf6 39. g4 fxg4 40. hxg4 Nc4 41. Kf3 Nxa5 42. e4 Nc4 43. Nd3 b5 44. Kf4 b4 45. e5+ Nxe5 46. Ne4+ Ke6 47.
Nxe5 b3 48. Nc4 Kd5 49. Ne3+ Kd4 50. Nd2 b2 51. Nec4 Kc3 52. Nxb2 Kxd2 53. Nc4+ Kc3 54. Ne5 c5 55. Ke4 Nb4 56. f4 c4 57. f5 Nd3 58. f6 Nc5+ 59. Kd5 1-0

[Event "*** Titled Tuesday Blitz"]
[Site "Chess.com"]
[Date "2020.04.28"]
[Round "3"]
[White "tan275"]
[Black "Mizner"]
[Result "1-0"]
[WhiteElo "2192"]
[BlackElo "2477"]
[TimeControl "180+1"]
[EndTime "10:30:09 PDT"]
[Termination "tan275 won on time"]

1. d4 d5 2. c4 e6 3. g3 dxc4 4. Nf3 c5 5. Bg2 Nc6 6. O-O cxd4 7. Qa4 Bd7 8. Qxc4 Qb6 9. Na3 Rc8 10. Qb5 Qxb5 11. Nxb5 e5 12. e3 a6 13. Na3 Bc5 14.
Nc4 f6 15. exd4 exd4 16. Bf4 Nge7 17. Bd6 Ba7 18. Rfe1 Kf7 19. Bxe7 Nxe7 20. Nd6+ Kf8 21. Nxc8 Bxc8 22. Re4 Bf5 23. Re2 Kf7 24. Rc1 Bb6 25. Rd2 Rd8 26. Rcd1 Nc6 27. Nh4 Be6 28. h3 Bxa2 29. Nf5 Ba5 30. Rd3 Bc4 31. Ra3 Bb4 32.
Raa1 Be2 33. Rdc1 d3 34. Ne3 d2 35. Rcb1 Ne5 36. Nd1 Nd3 37. Bf1 Re8 38. Bxe2 Rxe2 39. Kf1 Re1+ 40. Kg2 Nc1 41. Ne3 g6 42. b3 a5 43. Kf3 b6 44. Rb2 Ke6 45. Rxd2 Bxd2 46. Nc2 Rd1 47. Nd4+ Kd5 48. Nc2 Rh1 49. Ne3+ 1-0

[Event "*** Titled Tuesday Blitz"]
[Site "Chess.com"]
[Date "2020.04.28"]
[Round "3"]
[White "HrvojeZagreb"]
[Black "crossingthestreet"]
[Result "0-1"]
[WhiteElo "2098"]
[BlackElo "2322"]
[TimeControl "180+1"]
[EndTime "10:30:09 PDT"]
[Termination "crossingthestreet won by resignation"]

1. d4 Nf6 2. Bf4 d5 3. e3 e6 4. Nd2 Bd6 5. Bg3 O-O 6. Bd3 c5 7. c3 Qc7 8. Ngf3 Nbd7 9. e4 dxe4 10. Nxe4 Nxe4 11. Bxe4 Nf6 12. dxc5 Bxg3 13. Bxh7+ Nxh7 14. hxg3 Nf6 15. Qd4 Qc6 16. Ng5 Re8 17. Qh4 Kf8 18.
Qh8+ Ke7 19. Qxg7 Rf8 20. O-O-O Qxc5 21. Qxf6+ Kxf6 22. Ne4+ Ke7 23. Nxc5 b6 24. Nb3 Bb7 25.
f3 Rg8 26. g4 Rac8 27. Nd4 a6 28. Rh7 Kf6 29. Re1 Rh8 30. Reh1 Rxh7 31. Rxh7 b5 32. a3 Bd5 33. Kd2 Kg6 34. Rh1 Rd8 35. Ke3 e5 36. Ne2 Bb7 37. Ng3 a5 38. Nf5 Kf6 39. Rh6+ Kg5 40.
Rb6 Bd5 41. Rxb5 f6 42. g3 a4 43. Rb4 Bb3 44. Ne7 Rd1 45. f4+ exf4+ 46. gxf4+ Kxg4 47. f5+ Kg5 48. Rb8 Re1+ 49. Kd4 Rb1 50. Rg8+ Bxg8 51. Nxg8 Rxb2 52. Ne7 Rb3 53. c4 Rxa3 54. c5 Ra1 55. Nd5 Rc1 56. Nc3 a3 57. c6 a2 58. c7 Rxc3 0-1

[Event "*** Titled Tuesday Blitz"]
[Site "Chess.com"]
[Date "2020.04.28"]
[Round "3"]
[White "vpsetter"]
[Black "Abdimalik_Abdisalimov"]
[Result "0-1"]
[WhiteElo "2601"]
[BlackElo "2801"]
[TimeControl "180+1"]
[EndTime "10:30:10 PDT"]
[Termination "Abdimalik_Abdisalimov won by resignation"]

1. e4 e5 2. Nf3 Nc6 3. Bc4 Nf6 4.
Ng5 d5 5. exd5 Na5 6. Bb5+ c6 7.
dxc6 bxc6 8. Bd3 Nd5 9. h4 Be7 10. Qf3 Nf4 11. Bf1 h6 12. Ne4 O-O 13. d3 f5 14. Ng3 Nd5 15. Be2 Bxh4 16. Bd2 Bg5 17. Nh5 Rb8 18. Bxg5 Qxg5 19. Nc3 Be6 20. Nd1 g6 21.
Ng3 Nf4 22. Ne3 Rxb2 23. Ngf1 Rfb8 24. g3 Rb1+ 25. Rxb1 Rxb1+ 26. Bd1 Nd5 27. Nd2 Ra1 28. O-O Rxa2 29. Nec4 Nxc4 30. Nxc4 Qf6 31. Re1 Ra1 32.
Qe2 Nc3 33. Qd2 Rxd1 34. Rxd1 Nxd1 35. Qxd1 Bxc4 36. dxc4 Qe7 37. Qd3 h5 38. Qe3 Kf7 39. c5 Kf6 40. Qb3 Qxc5 41. Qg8 Qe7 42. Qh8+ Kg5 43.
Qd8 Qxd8 0-1

[Event "*** Titled Tuesday Blitz"]
[Site "Chess.com"]
[Date "2020.04.28"]
[Round "3"]
[White "Riazantsev"]
[Black "Michaelson_11"]
[Result "0-1"]
[WhiteElo "2664"]
[BlackElo "1993"]
[TimeControl "180+1"]
[EndTime "10:30:10 PDT"]
[Termination "Michaelson_11 won by checkmate"]

1. d4 Nf6 2. c4 e6 3. Nf3 d5 4.
Bg5 dxc4 5. e4 b5 6. a4 c6 7. Nc3 a6 8. axb5 cxb5 9. Nxb5 axb5 10. Rxa8 Bb7 11. Bxf6 gxf6 12. Ra1 Bb4+ 13. Nd2 Bxe4 14.
f3 Bc6 15. Qe2 Qxd4 16. Rd1 Ke7 17. g3 Qxb2 18. Kf2 c3 19. Qe3 cxd2 20. Kg2 Nd7 21. Be2 Rg8 22. Rb1 Qc3 23. Qxc3 Bxc3 24. Bxb5 Bxb5 25. Rxb5 Ra8 26. Rd1 Ra1 27. Rbb1 Rxb1 28. Rxb1 Nc5 29. Kf2 Nd3+ 30. Ke2 Nb2 31. Rxb2 Bxb2 32.
Kxd2 Bd4 33. Kd3 Bg1 34. h3 f5 35. Ke2 Kf6 36. Kf1 Ba7 37. Ke2 Bb8 38. Kf2 Kg6 39. Kg2 Kg5 40. Kf2 f4 41. g4 Kh4 42.
Kg2 Ba7 43. Kh2 f6 44. Kg2 Be3 45. Kh2 e5 46. Kg2 h5 47. Kh2 hxg4 48. hxg4 Bf2 49. Kg2 Ba7 50. Kh2 e4 51. fxe4 Kxg4 52. Kg2 f3+ 53. Kf1 Kf4 54. Ke1 Kxe4 55. Kf1 Kf4 56. Ke1 Kg3 57. Kf1 f2 58. Ke2 Kg2 59. Kd3 f1=Q+ 60. Ke4 Qc4+ 61. Kf5 Qd4 62. Kg6 Kf3 63. Kf5 Bb6 64. Ke6 Ke4 65. Kf7 Kf5 66. Kg7 Bc5 67.
Kf7 Qd7+ 68. Kg8 Qe7 69. Kh8 Kg6 70. Kg8 Qe8# 0-1

[Event "*** Titled Tuesday Blitz"]
[Site "Chess.com"]
[Date "2020.04.28"]
[Round "3"]
[White "Olga_Girya"]
[Black "ChessAintFun"]
[Result "1/2-1/2"]
[WhiteElo "2451"]
[BlackElo "2755"]
[TimeControl "180+1"]
[EndTime "10:30:11 PDT"]
[Termination "Game drawn by repetition"]

1. d4 Nf6 2. c4 g6 3. Nc3 d5 4. cxd5 Nxd5 5. e4 Nxc3 6. bxc3 Bg7 7.
Nf3 c5 8. h3 Qa5 9. Bd2 O-O 10.
Be2 b5 11. O-O Nc6 12. d5 Ne5 13. Nxe5 Bxe5 14. a4 b4 15. cxb4 cxb4 16. Rb1 Rb8 17.
Bb5 Bd6 18. e5 Bxe5 19. Bxb4 Qd8 20. Re1 Bd6 21. Bc3 Bf5 22. Qd4 f6 23. Rbc1 Rc8 24.
Qxa7 Ba3 25. Bc6 Bxc1 26. Rxc1 Qd6 27. a5 e6 28. Qd4 exd5 29. Qxd5+ Qxd5 30. Bxd5+ Kg7 31. a6 Bd7 32. a7 Rfd8 33. a8=Q Rxa8 34. Bxa8 Rxa8 35.
Rd1 Be6 36. Rd6 Kf7 37. Rb6 Rc8 38. Rb7+ Kg8 39. Bxf6 Bf7 40. Kh2 h5 41. f3 Re8 42.
h4 Re6 43. Bg5 Be8 44. Kg3 Bc6 45. Rc7 Bd5 46. Bh6 Ba2 47. Rg7+ Kh8 48. Ra7 Bb3 49. Bg5 Rc6 50. Kf4 Bc4 51. Ra8+ Kh7 52. Ra7+ Kh8 53.
Be7 Bf1 54. g3 Be2 55. Kg5 Bxf3 56. Bf6+ Kg8 57. Kxg6 Be4+ 58. Kg5 Rc5+ 59. Kh6 Rc6 60. Kg5 Rc5+ 61. Kh6 Rc6 62. Kg5 1/2-1/2

[Event "*** Titled Tuesday Blitz"]
[Site "Chess.com"]
[Date "2020.04.28"]
[Round "3"]
[White "OparinGrigoriy"]
[Black "EvgenyRomanov"]
[Result "1-0"]
[WhiteElo "2914"]
[BlackElo "2644"]
[TimeControl "180+1"]
[EndTime "10:30:12 PDT"]
[Termination "OparinGrigoriy won on time"]

1. Nf3 Nf6 2. g3 b6 3. Bg2 Bb7 4. d3 g6 5. O-O Bg7 6. e4 d6 7. c4 O-O 8. Nc3 c5 9. Re1 Nc6 10. Rb1 Nd7 11. Bd2 Nde5 12. Nxe5 Nxe5 13. Be3 Nc6 14. Ne2 Rc8 15. Qd2 e6 16. a3 a5 17.
h4 Qd7 18. h5 Ne5 19. b4 axb4 20. axb4 Ng4 21. Bf4 e5 22. Be3 Nxe3 23. Qxe3 Bc6 24.
bxc5 bxc5 25. Kh2 f5 26. f4 fxe4 27. Bxe4 exf4 28. Nxf4 Bd4 29. Qf3 g5 30. Bxc6 Rxc6 31. Qd5+ Kh8 32. Qxg5 Rc7 33. Ne6 Rf2+ 34. Kh1 Rc8 35.
Re4 Rcf8 36. Qg4 Qf7 37. Rf4 Rxf4 38. Nxf4 Rg8 39. Qe6 Qxe6 40. Nxe6 Rxg3 41. Rb8+ Rg8 42. Rxg8+ Kxg8 43. Nxd4 cxd4 44. Kg2 Kg7 45. Kf3 Kh6 46. Ke4 Kxh5 47. Kd5 Kg5 48. Kxd6 h5 49. c5 h4 50. c6 h3 51. c7 h2 52. c8=Q h1=Q 53. Qg8+ Kf4 54.
Qd5 Qh6+ 55. Kc5 Qf8+ 56. Kxd4 Qg7+ 57. Kc4 Qc7+ 58. Qc5 Qf7+ 59. Kc3 Kf3 60. d4 1-0

[Event "*** Titled Tuesday Blitz"]
[Site "Chess.com"]
[Date "2020.04.28"]
[Round "3"]
[White "mbachez"]
[Black "KNVB"]
[Result "0-1"]
[WhiteElo "2493"]
[BlackElo "2726"]
[TimeControl "180+1"]
[EndTime "10:30:12 PDT"]
[Termination "KNVB won by resignation"]

1. e4 c5 2. Nf3 e6 3. g3 Nc6 4.
Bg2 Qc7 5. O-O Nf6 6. Qe2 d6 7. c3 e5 8. Na3 Be7 9. Nc4 O-O 10.
a4 h6 11. d3 Be6 12. Nh4 Rfe8 13. Ne3 Bf8 14. f4 exf4 15. gxf4 Rad8 16. Qf2 d5 17. e5 Ng4 18. Nxg4 Bxg4 19. Bd2 d4 20. c4 Ne7 21. Qg3 Bf5 22. Kh1 Qd7 23. Rg1 g6 24. Rae1 Be6 25. b3 Kh7 26. Be4 Nf5 27. Nxf5 Bxf5 28. Re2 Be7 29.
Reg2 Rg8 30. Qf3 b6 31. Be1 a5 32. h4 h5 33. Rg5 Bxg5 34. Rxg5 Bxe4 35. Qxe4 Qh3+ 36.
Kg1 Rg7 37. Rxh5+ Kg8 38. Rg5 Re8 39. Rg3 Qxh4 40. Rg2 Qh5 41. Rh2 Qf5 42. Qh1 Qg4+ 43. Kf1 Qxf4+ 44. Bf2 Kf8 45. Rh8+ Ke7 46. Rh4 Qc1+ 47.
Be1 Qe3 48. Qb7+ Kf8 49. Rh8+ Rg8 50. Rxg8+ Kxg8 51. Bh4 Qxd3+ 52. Kf2 Qf5+ 53. Kg2 Qxe5 54. Bg3 Qe4+ 55. Qxe4 Rxe4 56. Kf3 Re3+ 57. Kf4 Rxg3 58. Kxg3 f5 59. Kf3 Kf7 0-1

[Event "*** Titled Tuesday Blitz"]
[Site "Chess.com"]
[Date "2020.04.28"]
[Round "3"]
[White "Future2700"]
[Black "Abund"]
[Result "0-1"]
[WhiteElo "2415"]
[BlackElo "2663"]
[TimeControl "180+1"]
[EndTime "10:30:12 PDT"]
[Termination "Abund won by resignation"]

1. e4 c5 2. Nf3 Nc6 3. g3 d5 4. exd5 Qxd5 5. Nc3 Qe6+ 6. Qe2 Nf6 7. Qxe6 Bxe6 8.
Bg2 Nb4 9. Kd1 O-O-O 10. a3 Nc6 11. Ng5 Bg4+ 12. f3 Bh5 13. Nge4 e6 14. Nxf6 gxf6 15. b3 Nd4 16. Rf1 Bg6 17. d3 h5 18. f4 h4 19. g4 h3 20. Be4 f5 21. gxf5 Bh5+ 22.
Kd2 exf5 23. Bh1 Rg8 24. Bb2 Bh6 25. Nd5 Rg2+ 26. Bxg2 hxg2 27. Rg1 Nf3+ 28. Ke3 Nxg1 29. Ne7+ Kd7 30. Nxf5 Bxf4+ 31. Kxf4 Nh3+ 32. Kg3 g1=Q+ 33. Rxg1 Nxg1 34. Kf2 Nf3 35. Ng3 Bg4 36. h3 Nd4 37.
Bxd4 cxd4 38. hxg4 Rc8 39. Nf5 Rxc2+ 40. Kf3 Rc3 41.
Ke4 Rxb3 42. a4 Rb4 43. a5 Ra4 44. Nh6 Ke6 45. Nf5 Rxa5 46. Nxd4+ Kd7 47. Nf3 Ra4+ 48.
Kf5 a5 49. Ne5+ Ke7 50. g5 Rd4 51. Nc4 a4 52. Ke5 Rxd3 53. Nb6 a3 54. Nc8+ Kd8 55. Nb6 a2 0-1

[Event "*** Titled Tuesday Blitz"]
[Site "Chess.com"]
[Date "2020.04.28"]
[Round "3"]
[White "Ali_rastbod"]
[Black "KubaGepard"]
[Result "0-1"]
[WhiteElo "2581"]
[BlackElo "2429"]
[TimeControl "180+1"]
[EndTime "10:30:12 PDT"]
[Termination "KubaGepard won by resignation"]

1. Nf3 d5 2. c4 dxc4 3. Na3 a6 4.
Nxc4 b5 5. Nce5 f6 6. Qb3 fxe5 7. Nxe5 e6 8. Qf3 Qd6 9. Qxa8 c6 10. Nxc6 Qxc6 11. Qxb8 Bd6 12. Qa7 Ne7 13. Qe3 Nd5 14. Qe4 O-O 15. g3 Bc5 16. f4 Qb6 17. e3 Nxf4 18.
gxf4 Bb7 19. Qc2 Bxh1 20. b4 Bxb4 21. Bd3 Qxe3+ 22. Be2 Qg1+ 23. Bf1 Rxf4 24. Qc8+ Rf8 25. Qxe6+ Kh8 26. Qe2 Rf2 27. Qxf2 Qg5 28. Bb2 Bd5 29. Bd3 Qe7+ 30. Qe3 Qh4+ 31. Kd1 Qh5+ 32. Kc2 Qf7 33. Qd4 Bd6 34. Qxg7+ Qxg7 35. Bxg7+ Kxg7 36. Rg1+ Kf6 37. Re1 Be5 38. Be4 Bxa2 39. Bxh7 Bc4 40. Bd3 Bd5 41. Rf1+ Ke7 42. h4 Kd6 43. Bf5 a5 44. h5 a4 45. h6 Bb3+ 46. Kd3 Bc4+ 47. Ke3 Bxf1 48. d4 Bf6 49. Bb1 Bc4 50. h7 a3 51. d5 Kxd5 52. h8=Q Bxh8 0-1

[Event "*** Titled Tuesday Blitz"]
[Site "Chess.com"]
[Date "2020.04.28"]
[Round "3"]
[White "GuerrieroFromLevant"]
[Black "PIwan"]
[Result "0-1"]
[WhiteElo "2336"]
[BlackElo "2544"]
[TimeControl "180+1"]
[EndTime "10:30:13 PDT"]
[Termination "PIwan won by resignation"]

1. e4 e6 2. d4 d5 3. Nd2 Be7 4. exd5 exd5 5. Ngf3 Nf6 6. Bd3 O-O 7. O-O Bg4 8. c3 Nbd7 9. h3 Bh5 10. Re1 c5 11.
Qc2 Rc8 12. Bf5 Re8 13. dxc5 Bxc5 14. Rxe8+ Qxe8 15. g4 Bg6 16. Nb3 Bxf5 17. Qxf5 Bb6 18. Nbd4 Qe4 19. Be3 g6 20. Qxe4 dxe4 21. Nd2 Ne5 22. Nc2 Rd8 23. Bxb6 Rxd2 24. Bd4 Nf3+ 25. Kf1 Nxd4 26. Nxd4 Rxb2 27. Re1 Rxa2 28. g5 Nd5 29.
Rxe4 Kf8 30. Nb5 a6 31. Nd6 Nxc3 32. Re8+ Kg7 33. Re7 Ra5 34. h4 Rd5 35. Ne8+ Kf8 36. Re3 Nd1 37. Re1 b5 38. Nf6 Rd8 39. Nxh7+ Kg7 40. Nf6 b4 41. Re7 b3 42. Rb7 b2 43.
Ke1 a5 44. h5 gxh5 45. f4 Kg6 46. Rb5 a4 47. Ne4 a3 48. f5+ Kg7 49. Nf6 a2 50. Nxh5+ Kh8 51. Rb3 b1=Q 52. Nf6 0-1

[Event "*** Titled Tuesday Blitz"]
[Site "Chess.com"]
[Date "2020.04.28"]
[Round "3"]
[White "Chessmasterzt"]
[Black "NotFischer"]
[Result "1-0"]
[WhiteElo "2491"]
[BlackElo "2148"]
[TimeControl "180+1"]
[EndTime "10:30:14 PDT"]
[Termination "Chessmasterzt won on time"]

1. Nf3 Nf6 2. c4 d6 3. d4 c6 4. Nc3 Bg4 5. g3 Nbd7 6. Bg2 e5 7. O-O Be7 8. h3 Bxf3 9. Bxf3 O-O 10. Bg2 Qc7 11.
b3 Rfe8 12. Bb2 Rad8 13. Rc1 Qb8 14. Qd2 h6 15. Rfd1 Bf8 16. d5 c5 17. a3 a6 18. b4 b5 19. cxb5 axb5 20. e4 Qb6 21. Bf1 c4 22. Ra1 Ra8 23. Re1 Kh7 24. Qe3 Qb7 25.
Ra2 Be7 26. Rea1 Bd8 27. Qe1 Bb6 28. Nxb5 Bxf2+ 29. Kxf2 Qxb5 30. Bc3 Nb6 31. Kg2 Na4 32. Bd2 Rec8 33. Rc2 Qb6 34. Be3 Qa6 35. Rac1 Nb6 36. Qf2 Nxe4 37. Qf5+ Kg8 38. Qxe4 Qb7 39. Bxb6 Qxb6 40.
Rxc4 Rxc4 41. Rxc4 g6 42. Qf3 Qa7 43. Rc6 e4 44. Qxe4 Qxa3 45. Rxd6 Qb2+ 46. Be2 Ra2 47. Rd8+ Kg7 48. Kf2 Ra3 49. Re8 Qf6+ 50. Qf4 Qb6+ 51. Kg2 Ra2 52. Qe5+ 1-0

[Event "*** Titled Tuesday Blitz"]
[Site "Chess.com"]
[Date "2020.04.28"]
[Round "3"]
[White "szefru"]
[Black "WelshTiger"]
[Result "0-1"]
[WhiteElo "2120"]
[BlackElo "2340"]
[TimeControl "180+1"]
[EndTime "10:30:14 PDT"]
[Termination "WelshTiger won by checkmate"]

1. e4 c5 2. Nf3 Nc6 3. Bb5 g6 4. O-O Bg7 5. Nc3 e5 6. h3 Nge7 7. Bxc6 bxc6 8. d3 d6 9. Bg5 f6 10. Be3 Rb8 11. b3 O-O 12. Qd2 f5 13. exf5 Nxf5 14.
Bg5 Qc7 15. Ne4 Bd7 16. Rae1 Rbe8 17. a4 h6 18. Be3 g5 19. Nh2 Nd4 20. h4 Bf5 21. hxg5 hxg5 22. Bxg5 Re6 23. Ng3 Bh7 24. Nh5 Bh8 25. Ng4 Qf7 26. Nh6+ Rxh6 27. Bxh6 Qxh5 28.
Bxf8 Kxf8 29. f4 Ke7 30. fxe5 Bxe5 31. Qf4 Bg6 32. c3 Ne6 33. Rxe5 dxe5 34. Qf2 Nf4 35.
Qxc5+ Kd7 36. d4 Qg4 37. Rf2 Nh3+ 38. Kf1 Bd3+ 39. Ke1 Nxf2 40. Kxf2 Qe2+ 41. Kg3 Qe3+ 42. Kh2 exd4 43. Qxa7+ Kd6 44. Qb8+ Kd5 45. Qd8+ Ke4 46. Qe7+ Kf4 47. Qf6+ Ke4 48. Qe6+ Kf4 49. Qd6+ Qe5 50.
Qf8+ Ke4+ 51. Kg1 dxc3 52. Qb4+ Qd4+ 53. Qxd4+ Kxd4 54. Kf2 c2 55. g4 c1=Q 56. g5 Qxg5 57. Kf3 Qe3+ 58. Kg4 Bc2 59. Kh5 Bxb3 60. Kg4 Bxa4 61.
Kh5 c5 62. Kg4 c4 63. Kh5 c3 64. Kg4 c2 65. Kh5 c1=Q 66. Kg6 Qcg1+ 67. Kf7 Qgf2+ 68. Kg6 Qeg3+ 69. Kh6 Qfh2# 0-1

[Event "*** Titled Tuesday Blitz"]
[Site "Chess.com"]
[Date "2020.04.28"]
[Round "3"]
[White "kingofkolkata"]
[Black "ALeks_Ivlev"]
[Result "0-1"]
[WhiteElo "2244"]
[BlackElo "2575"]
[TimeControl "180+1"]
[EndTime "10:30:15 PDT"]
[Termination "ALeks_Ivlev won by checkmate"]

1. d4 Nf6 2. c4 e6 3. g3 c5 4. d5 exd5 5. cxd5 d6 6. Nf3 g6 7. Nc3 Bg7 8. Bg2 O-O 9. O-O Nbd7 10. Bf4 Qe7 11. Nb5 Ne8 12. Nc3 Ne5 13. Nd2 g5 14.
Bxe5 Bxe5 15. Nc4 Bg7 16. a4 f5 17. e4 f4 18. Re1 Bd4 19. g4 Nf6 20. h3 h5 21. Bf3 hxg4 22. hxg4 Qh7 23. Kg2 Qh4 24. Qe2 Nxg4 25. Rh1 Qxf2+ 26. Qxf2 Nxf2 27. e5 g4 28. Be4 f3+ 29. Kg3 Nxh1+ 30. Rxh1 dxe5 31. d6 Be6 32. Nd5 Rf4 33. Ne7+ Kf7 34. Rh7+ Kf6 35. Rh6+ Kg5 36. Rg6+ Kh5 37. Rxe6 Rxe4 38. Nd2 Rf4 39. Ng6 Be3 40. Nf1 Bc1 41. Nxe5 Re4 42. d7 Bf4+ 43. Kf2 Re2+ 44. Kg1 Rxe5 45. Rf6 Kg5 46. Rf7 Rh8 47. d8=Q+ Rxd8 48.
Rg7+ Kf6 49. Rxg4 Rg5 50. Kf2 Rxg4 51. Nh2 Bxh2 52. Kxf3 Rxa4 53. b3 Rb4 54. Kg2 Rxb3 55. Kxh2 a5 56. Kg1 a4 57. Kf2 a3 58. Ke1 a2 59.
Ke2 a1=Q 60. Kf2 Rd2# 0-1

[Event "*** Titled Tuesday Blitz"]
[Site "Chess.com"]
[Date "2020.04.28"]
[Round "3"]
[White "MilanJeremic"]
[Black "nfds"]
[Result "0-1"]
[WhiteElo "2237"]
[BlackElo "2511"]
[TimeControl "180+1"]
[EndTime "10:30:15 PDT"]
[Termination "nfds won on time"]

1. d4 Nf6 2. Nf3 e6 3. g3 c5 4. e3 b6 5. Bg2 Bb7 6. O-O Be7 7. c4 O-O 8. b3 cxd4 9. exd4 d6 10. Nc3 Nbd7 11.
Bb2 Re8 12. Re1 a6 13. a4 Rc8 14. Rc1 Bf8 15. h4 Qc7 16. Qd3 Rb8 17. Rcd1 Rbc8 18. Ng5 Bxg2 19. Kxg2 h6 20. Nge4 Nxe4 21. Nxe4 d5 22. Nd2 Bb4 23. cxd5 exd5 24. Rxe8+ Rxe8 25. Nf3 a5 26. Ne5 f6 27. Qg6 Re7 28. Ng4 Nf8 29.
Qf5 Qd7 30. Qf3 Qe6 31. Rc1 Bd2 32. Rc2 h5 33. Nxf6+ gxf6 34. Rxd2 Ng6 35. Ba3 Rg7 36. Kf1 Qh3+ 37. Ke1 Qd7 38. Re2 Rf7 39. Qxh5 Kg7 40.
Qf3 b5 41. h5 Nh8 42. Bc5 bxa4 43. bxa4 Qxa4 44. Kf1 Qd1+ 45. Kg2 f5 46. Bd6 Kh7 47. Be5 a4 48. Qxd5 Qxe2 49. Qe6 Qe4+ 50. f3 Qe2+ 51. Kh3 Qxf3 52. Bxh8 Qxh5+ 53. Kg2 Kxh8 54. Qe8+ Kg7 55. Qe5+ Rf6 56. Qe7+ Qf7 0-1

[Event "*** Titled Tuesday Blitz"]
[Site "Chess.com"]
[Date "2020.04.28"]
[Round "3"]
[White "ftorodent"]
[Black "Andreikka"]
[Result "1/2-1/2"]
[WhiteElo "2674"]
[BlackElo "2969"]
[TimeControl "180+1"]
[EndTime "10:30:16 PDT"]
[Termination "Game drawn by agreement"]

1. d4 Nf6 2. c4 e6 3. Nf3 d5 4. Nc3 Be7 5. Bf4 O-O 6. e3 c5 7. dxc5 Bxc5 8. a3 Nc6 9. Be2 dxc4 10. Qxd8 Rxd8 11. Bxc4 a6 12. Ke2 b5 13. Bd3 Bb7 14. Rac1 Be7 15. Ne4 Nxe4 16. Bxe4 Nd4+ 17. Nxd4 Bxe4 18. f3 Bd5 19. Nc6 Bxc6 20. Rxc6 Bf6 21. b3 g5 22. Bd6 Rd7 23. e4 Be7 24. Bxe7 Rxe7 25. Rd1 Rb7 26. Rdd6 a5 27. Rc5 h6 28. Kd3 Kg7 29. e5 Kg6 30. Ke4 Kg7 31. g3 Re7 32. Rxb5 Rc7 33. f4 gxf4 34. gxf4 Rc2 35. Rd7 Rxh2 36.
Rbb7 Rf8 37. f5 Rh4+ 38. Kf3 exf5 39. e6 Kf6 40. exf7 Kg7 41. Rd5 a4 42. b4 Rh3+ 43.
Kf4 Rxa3 44. Rxf5 Rb3 45. Ra5 a3 46. Ke5 Rxf7 47. Rxf7+ Kxf7 48. b5 a2 49. Rxa2 Rxb5+ 50. Kf4 Kg6 51. Kg4 Rb4+ 52. Kg3 Rb5 53. Ra6+ Kg5 54.
Ra3 h5 55. Rc3 h4+ 56. Kh3 Rf5 57. Ra3 Re5 58. Rb3 Rf5 1/2-1/2

[Event "*** Titled Tuesday Blitz"]
[Site "Chess.com"]
[Date "2020.04.28"]
[Round "3"]
[White "MFguimaraes"]
[Black "Bagirova"]
[Result "0-1"]
[WhiteElo "2402"]
[BlackElo "2220"]
[TimeControl "180+1"]
[EndTime "10:30:16 PDT"]
[Termination "Bagirova won by resignation"]

1. e4 c5 2. Nf3 d6 3. d4 cxd4 4. Nxd4 Nf6 5. Nc3 a6 6. g3 e6 7.
Bg2 g6 8. O-O Bg7 9. a4 O-O 10.
Be3 Qc7 11. Qd3 Nc6 12. Qc4 Ng4 13. Nxc6 Nxe3 14. fxe3 bxc6 15. Ra3 Qb6 16. Qd3 d5 17. a5 Qc5 18. exd5 cxd5 19. Kh1 Bd7 20. e4 d4 21. Ne2 Bb5 22. Qd2 Rac8 23. Rc1 h5 24. c4 Bxc4 25. Ra4 Qb5 26. Rb4 Qxa5 27. Nf4 Bb5 28. Rd1 Kh7 29. Rxd4 Qxd2 30. R4xd2 a5 31. Ra1 a4 32. h4 Rfd8 33. Rad1 Rxd2 34. Rxd2 Rc1+ 35. Kh2 Rb1 36. Nd3 Bxd3 37. Rxd3 Rxb2 38. Kh3 Ra2 39. Rd7 Kg8 40. Rd8+ Kh7 41. Rd7 f5 42. exf5 exf5 43.
Bd5 Ra3 44. Ra7 Ra1 45. Bf7 a3 46. Ra6 g5 47. Bg6+ Kg8 48. hxg5 a2 49. Ra8+ Bf8 50.
Kg2 Kg7 51. Bxf5 Bc5 52. Be6 Rg1+ 53. Kh2 a1=Q 54. Rxa1 Rxa1 0-1